 Dungeon Crawl Stone Soup version 0.32-a0-616-g9348d4545b (webtiles) character file.

Game seed: 8827722971718008294

9680 killozap the Arsonist (level 11, -8/92 HPs)
             Began as a Mountain Dwarf Fire Elementalist on Mar 4, 2024.
             Was a Believer of Vehumet.
             Mangled by a queen bee (shapeshifter) (13 damage)
             ... on level 9 of the Dungeon on Mar 5, 2024.
             The game lasted 00:51:58 (14566 turns).

killozap the Arsonist (MDFE)                       Turns: 14566, Time: 00:51:58

Health: -8/92      AC: 10    Str: 13    XL:     11   Next: 26%
Magic:  0/19       EV: 10    Int: 18    God:    Vehumet [**....]
Gold:   613        SH:  0    Dex: 10    Spells: 3/21 levels left

rFire   + . .        u - +0 morningstar
rCold   + . .        (no shield)
rNeg    . . .        h - +0 ring mail
rPois   +            m - +0 helmet
rElec   +            p - +0 cloak
rCorr   +            H - +0 pair of gloves
SInv    .            (no boots)
Will    +....        x - amulet of guardian spirit
Stlth   +            f - ring of resist corrosion
HPRegen 0.35/turn    (no ring)
MPRegen 0.16/turn

%: guardian spirit
@: brilliant, lethally poisoned (-8 -> -15), resistant
A: runic magic, artefact enchanting
a: Renounce Religion


You were on level 9 of the Dungeon.
You worshipped Vehumet.
Vehumet was pleased with you.
You visited 1 branch of the dungeon, and saw 9 of its levels.
You also visited: Sewer.

You collected 641 gold pieces.
You spent 28 gold pieces at shops.

Inventory:

Hand Weapons
 g - a +4 whip
 n - a +2 dagger of draining
 u - a +0 morningstar (weapon)
Armour
 h - a +0 ring mail (worn)
 m - a +0 helmet (worn)
 p - a +0 cloak (worn)
 H - a +0 pair of gloves (worn)
Jewellery
 f - a ring of resist corrosion (left hand)
 s - a ring of fire
 x - an amulet of guardian spirit (around neck)
Wands
 b - a wand of flame (6)
 C - a wand of warping (3)
Scrolls
 c - a scroll of noise {unknown}
 e - a scroll of immolation
 i - 3 scrolls of teleportation
 k - a scroll of vulnerability {unknown}
 q - a scroll of torment {unknown}
 w - a scroll of amnesia {unknown}
 y - 2 scrolls of blinking
 D - 2 scrolls of enchant armour {unknown}
 E - a scroll of poison {unknown}
 F - a scroll of enchant weapon {unknown}
 G - a scroll of revelation {unknown}
Potions
 a - a potion of attraction
 j - a potion of lignification
 l - a potion of brilliance
 o - 2 potions of haste
 z - a potion of mutation {unknown}


   Skills:
 + Level 7.4 Fighting
 + Level 7.7 Maces & Flails
 + Level 7.2 Armour
 - Level 1.3 Dodging
 - Level 1.4 Stealth
 + Level 5.7 Spellcasting
 + Level 6.0 Conjurations
 - Level 2.1 Hexes
 * Level 11.8 Fire Magic


You had 3 spell levels left.
You knew the following spells:

 Your Spells              Type           Power      Damage    Failure   Level
a - Foxfire               Conj/Fire      100%       2x1d9     1%          1
b - Scorch                Fire           100%       2d9       1%          2
c - Inner Flame           Hex/Fire       45%        N/A       2%          3
d - Volatile Blastmotes   Fire/Tloc      78%        2d16      3%          3
e - Flame Wave            Conj/Fire      54%        2d13      3%          4
f - Fireball              Conj/Fire      27%        3d12      10%         5

Your spell library contained the following spells:

 Spells                   Type           Power      Damage    Failure   Level
 Hailstorm                Conj/Ice       24%        3d7       12%         3
 Magic Dart               Conj           100%       1d8       1%          1
 Sting                    Conj/Alch      96%        1d9       4%          1
 Dazzling Flash           Conj/Hex       58%        N/A       8%          3
 Apportation              Tloc           14%        N/A       14%         1
 Necrotise                Necr           28%        1d5       14%         1
 Summon Small Mammal      Summ           28%        N/A       14%         1
 Blink                    Tloc           14%        N/A       22%         2
 Call Imp                 Summ           14%        N/A       22%         2
 Cigotuvi's Dreadful Rot  Necr/Alch/Air  14%        N/A       22%         2
 Mercury Vapours          Alch/Air       14%        N/A       22%         2
 Frozen Ramparts          Ice            14%        1d3       38%         3
 Ignite Poison            Fire/Alch      39%        N/A       12%         4
 Sticky Flame             Fire/Alch      39%        2d8       12%         4
 Cause Fear               Hex            9%         N/A       50%         4
 Starburst                Conj/Fire      27%        6d9       50%         6
 Arcjolt                  Conj/Air       12%        1d22      75%         5
 Leda's Liquefaction      Alch/Erth      3%         N/A       80%         4
 Martyr's Knell           Necr/Summ      7%         N/A       80%         4
 Olgreb's Toxic Radiance  Alch           7%         N/A       80%         4
 Petrify                  Alch/Erth      7%         N/A       80%         4
 Summon Lightning Spire   Summ/Air       7%         N/A       80%         4
 Vhi's Electric Charge    Tloc/Air       14%        N/A       80%         4
 Freezing Cloud           Conj/Ice/Air   9%         6-21      86%         5
 Plasma Beam              Fire/Air       19%        2x1d31    88%         6
 Metabolic Englaciation   Hex/Ice        6%         N/A       94%         5
 Haunt                    Necr/Summ      3%         N/A       100%        7
 Maxwell's Capacitive Co  Air            3%         ∞         100%        8
 Dragon's Call            Summ           3%         N/A       100%        9


Dungeon Overview and Level Annotations

Branches:
Dungeon (9/15)             Temple (0/1) D:6            Lair (0/5) D:9
    Orc (0/2) D:9           Sewer (visited)

Altars:
Ashenzari
Dithmenos
Fedhas
Hepliaklqana
Okawaru
Trog
Vehumet

Shops:
D:2 *   D:4 [

Annotations:
D:4 1 runed translucent door, Crazy Yiuf


Innate Abilities, Weirdness & Mutations

Your spellcasting is much less encumbered by armour.
You can use scrolls of enchantment on lesser artefacts.


Message History

Press: ? - help, v - describe, . - travel
Here: a queen bee shaped shifter (lightly wounded)
The floor.
Okay, then.
Unknown command.
The queen bee stings you but does no damage.
The queen bee barely misses you.
The queen bee stings you but does no damage.
The queen bee attacks as it pursues you!
The queen bee closely misses you.
You see here a yak skeleton.
You hit the queen bee but do no damage.
The queen bee is lightly wounded.
You feel less confused. The queen bee barely misses you.
Casting: Foxfire (safe; 1% risk of failure)
Confirm with . or Enter, or press ? or * to list all spells.
Flames lash the queen bee.
The queen bee is lightly wounded.
The queen bee's fire resistance burns away.
The queen bee stings you.
* * * LOW HITPOINT WARNING * * *
You puncture the queen bee!
The queen bee is moderately wounded.
The queen bee stings you.
* * * LOW HITPOINT WARNING * * *
You are lethally poisoned!
The queen bee poisons you!
Okay, then.
You feel clever all of a sudden.
* * * LOW HITPOINT WARNING * * *
You feel very sick.
The queen bee stings you but does no damage.
Okay, then.
You feel protected.
* * * LOW HITPOINT WARNING * * *
You feel sick.
The queen bee is no longer more vulnerable to fire.
The queen bee stings you!
You die...

########### #.........#
#....)..).##########
#............÷.....#####
#........)####<.##<.....
#........!.)<#÷÷##.#####
#.........##.)...#.#####
#......y..####........##
#......@..####..##.##.##
#..................##.##
#####.############....>.
#.......# ####.##
###...###.###### ###.#
#.(.....#......# #...#
####..)(...#..>...#
#.####
###..........#......#
#.....
###..........÷##.....>#
#..###


You could see a queen bee shaped shifter.

Vanquished Creatures
  A centaur warrior (D:9)
  A deep elf pyromancer (D:9)
  A cyclops (D:9)
  A komodo dragon (D:9)
  Psyche (D:7)
  A wind drake (shapeshifter) (D:9)
  A wraith (D:9)
  17 yaks
  A wyvern (D:9)
  3 vampire mosquitoes
  Menkaure (D:4)
  5 water moccasins
  3 orc warriors
  3 black bears
  2 ice beasts (D:5)
  2 ogres
  A boggart (D:9)
  3 centaurs
  2 phantoms
  A kobold brigand (D:9)
  8 bullfrogs
  A gnoll sergeant (D:6)
  4 scorpions
  8 wights
  2 killer bees (D:9)
  A howler monkey (D:9)
  5 hounds
  A jelly (D:8)
  A bombardier beetle (D:5)
  3 orc priests
  6 iguanas
  Ijyb (D:5)
  2 sleepcaps (D:5)
  5 orc wizards
  6 gnolls
  Robin (D:4)
  3 river rats (D:5)
  12 adders
  4 white imps
  4 ufetubi
  7 dart slugs
  18 orcs
  9 endoplasms
  20 giant cockroaches
  A giant cockroach (shapeshifter) (D:9)
  9 hobgoblins
  3 jackals (D:3)
  5 quokkas
  13 ball pythons
  5 bats
  9 frilled lizards
  14 goblins
  11 kobolds
  7 rats
260 creatures vanquished.

Vanquished Creatures (others)
  754 foxfires
754 creatures vanquished.

Grand Total: 1014 creatures vanquished

Notes
Turn   | Place    | Note
-------+----------+-------------------------------------------
     0 | D:1      | killozap the Mountain Dwarf Fire Elementalist began the
                  | quest for the Orb.
     0 | D:1      | Reached XP level 1. HP: 14/14 MP: 3/3
    42 | D:1      | Found a faded altar of an unknown god.
    42 | D:1      | Noticed a rust devil
    86 | D:1      | Reached skill level 1 in Conjurations
   192 | D:1      | Reached XP level 2. HP: 22/22 MP: 1/4
   422 | D:1      | Reached skill level 4 in Fire Magic
   715 | D:1      | Reached skill level 1 in Fighting
   773 | D:1      | Learned a level 2 spell: Scorch
  1118 | D:2      | Found Iffibet's General Store.
  1128 | D:2      | Reached XP level 3. HP: 28/28 MP: 2/6
  1221 | D:2      | Reached skill level 1 in Armour
  1433 | D:2      | You fall into a shaft and drop 2 floors!
  1466 | D:4      | Reached XP level 4. HP: 22/35 MP: 2/7
  1757 | D:4      | Noticed Robin
  1774 | D:4      | Killed Robin
  1842 | D:4      | Found a sand-covered staircase.
  2077 | D:2      | Bought a scroll of identify for 28 gold pieces
  2203 | D:2      | Reached skill level 5 in Fire Magic
  2203 | D:2      | Reached XP level 5. HP: 41/41 MP: 8/8
  2766 | D:4      | Noticed a phantom
  2773 | D:4      | Killed a phantom
  2774 | D:4      | Reached skill level 1 in Maces & Flails
  2853 | D:4      | Found Mejalot's Antique Armour Shoppe.
  3065 | D:4      | Noticed Menkaure
  3069 | D:4      | Killed Menkaure
  3070 | D:4      | Reached XP level 6. HP: 20/50 MP: 2/10
  3296 | D:4      | Found a runed translucent door.
  3297 | D:4      | Noticed Crazy Yiuf
  3567 | D:5      | Entered Level 5 of the Dungeon
  3581 | D:5      | Reached skill level 6 in Fire Magic
  3698 | D:5      | Reached XP level 7. HP: 56/57 MP: 7/11
  3719 | D:5      | Learned a level 3 spell: Inner Flame
  3797 | D:5      | Got Giappiem's Spellbook of Support
  3884 | D:5      | Found a glowing drain.
  3900 | Sewer    | Entered a sewer
  4683 | D:5      | Reached skill level 1 in Hexes
  4720 | D:5      | Found an iron altar of Okawaru.
  4720 | D:5      | Found a radiant altar of Vehumet.
  4720 | D:5      | Found a hazy altar of Hepliaklqana.
  4721 | D:5      | Found a broken altar of Ashenzari.
  4721 | D:5      | Found a blossoming altar of Fedhas.
  4721 | D:5      | Found a bloodstained altar of Trog.
  4728 | D:5      | Became a worshipper of Vehumet
  5082 | D:5      | Reached skill level 7 in Fire Magic
  5082 | D:5      | Reached XP level 8. HP: 27/66 MP: 0/12
  6052 | D:5      | Learned a level 3 spell: Volatile Blastmotes
  6057 | D:5      | Learned a level 4 spell: Flame Wave
  6282 | D:5      | Noticed Ijyb
  6287 | D:5      | Killed Ijyb
  6469 | D:6      | Reached * piety under Vehumet
  6469 | D:6      | Offered knowledge of Sandblast by Vehumet.
  6584 | D:6      | Found a staircase to the Ecumenical Temple.
  6602 | D:6      | Reached skill level 8 in Fire Magic
  7403 | D:7      | Reached XP level 9. HP: 65/73 MP: 8/15
  7978 | D:7      | Reached skill level 5 in Fighting
  8328 | D:7      | Reached ** piety under Vehumet
  8329 | D:7      | Reached skill level 5 in Maces & Flails
  8329 | D:7      | Reached skill level 5 in Armour
  8484 | D:7      | Reached skill level 9 in Fire Magic
  8587 | D:7      | Found a shadowy altar of Dithmenos.
  8598 | D:7      | Offered knowledge of Mercury Vapours by Vehumet.
  9911 | D:8      | Identified the +0 leather armour of Cej Oleb {-Tele Rampage
                  | Will+ Int+3}
 10074 | D:8      | Reached XP level 10. HP: 83/83 MP: 10/17
 10081 | D:8      | Noticed Psyche
 10284 | D:7      | Killed Psyche
 10285 | D:7      | Reached skill level 10 in Fire Magic
 10802 | D:9      | Reached skill level 5 in Conjurations
 11075 | D:9      | Reached skill level 5 in Spellcasting
 11275 | D:9      | Found a staircase to the Lair.
 11663 | D:8      | Offered knowledge of Hailstorm by Vehumet.
 11664 | D:8      | Reached skill level 11 in Fire Magic
 11862 | D:9      | Found a staircase to the Orcish Mines.
 12349 | D:9      | Noticed an entropy weaver
 12357 | D:9      | an entropy weaver changed into a meliai
 12357 | D:9      | Noticed a meliai (shapeshifter)
 12567 | D:9      | Noticed a cyclops
 12580 | D:8      | Learned a level 5 spell: Fireball
 13354 | D:9      | Killed a cyclops
 13355 | D:9      | Reached XP level 11. HP: 90/92 MP: 10/19
 13567 | D:9      | Noticed a centaur warrior
 13586 | D:9      | HP: 3/92 [centaur warrior/arrow (9)]
 13866 | D:9      | Upgraded the game from 0.32-a0-612-g1c984fe9d1 to
                  | 0.32-a0-616-g9348d4545b
 13902 | D:9      | Killed a centaur warrior
 14060 | D:9      | Noticed a deep elf pyromancer
 14479 | D:9      | Killed a deep elf pyromancer
 14566 | D:9      | Mangled by a queen bee (shapeshifter)

Illustrated notes

Levels and vault maps discovered:
D:1:      onia_arrival_handbag, layout_loops_cross,
          dreamdust_ecumenical_altar_sealed_demon, serial_park_tiny_2
D:2:      layout_basic, serial_shops, nicolae_shop_tiny_waterfront, nrook_uturn
D:3:      layout_rooms, serial_bayou_pond_d
D:4:      layout_basic, serial_shops, shop, mainiacjoe_ossuary_entry_dusty_tomb,
          uniq_robin, uniq_crazy_yiuf_cottage, uniq_menkaure
D:5:      minmay_bubble_buster, layout_loops_ring, grunt_temple_overflow_open,
          gup_sewer_entry_bubbles, minmay_misc_feat_five, uniq_ijyb
D:6:      layout_cave_pools, minmay_temple_entry_grid
D:7:      layout_basic, nicolae_dithmenos_the_darkroom, hex_intersection
D:8:      layout_loops_ring, uniq_psyche
D:9:      hangedman_cross_veins, layout_loops_cross,
          due_lair_maze_entry_diamond, orc_0_dummy, uniq_prince_ribbit1

Skill      XL: |  1  2  3  4  5  6  7  8  9 10 11 |
---------------+----------------------------------+-----
Conjurations   | 1 2 3 4 5 6 |  6.0
Fire Magic     | 4 5 6 7 8 9 11 | 11.8
Spellcasting   | 2 3 4 5 |  5.7
Fighting       | 1 2 3 4 5 7 |  7.4
Armour         | 1 2 3 4 5 6 7 |  7.2
Maces & Flails | 1 2 3 4 5 7 |  7.7
Hexes          | 1 2 |  2.1
Dodging        | |  1.3
Stealth        | |  1.4

Action                     |  1- 3 |  4- 6 |  7- 9 | 10-12 || total
---------------------------+-------+-------+-------+-------++-------
  Melee: Unarmed           |    15 |       |       |       ||    15
         Whip              |    37 |    44 |       |       ||    81
         Dagger            |     1 |       |       |       ||     1
         Morningstar       |       |    28 |   167 |    84 ||   279
   Cast: Foxfire           |    40 |    51 |   223 |   140 ||   454
         Scorch            |     2 |     8 |    56 |    64 ||   130
         Volatile Blastmot |       |       |     5 |     3 ||     8
         Fireball          |       |       |       |     6 ||     6
         Flame Wave        |       |       |       |     2 ||     2
  Evoke: Wand              |       |       |     3 |     4 ||     7
    Use: Scroll            |       |     3 |     9 |     4 ||    16
         Potion            |       |       |       |    11 ||    11
 Armour: Robe              |    12 |       |       |       ||    12
         Ring mail         |    32 |    76 |   293 |   253 ||   654
         Skin              |       |       |       |     2 ||     2
  Dodge: Dodged            |    39 |    44 |   159 |   132 ||   374

Table legend: (Time is in decaauts)
 A = Elapsed time spent in this place.
 B = Non-inter-level travel time spent in this place.
 C = Inter-level travel time spent in this place.
 D = Time resting spent in this place.
 E = Time spent auto-exploring this place.
 F = Levels seen in this place.
 G = Mean time per level.
                   A        B        C        D        E       F      G
               +--------+--------+--------+--------+--------+-----+--------+
         Total |  14812 |  14312 |    500 |   3792 |   7242 |  10 | 1481.2 |
       Dungeon |  13993 |  13493 |    500 |   3675 |   6901 |   9 | 1554.8 |
         Sewer |    818 |    818 |      0 |    117 |    341 |   1 |  818.0 |
               +--------+--------+--------+--------+--------+-----+--------+

Top non-repeatable levels by time:
     D:8: 3000 daAuts
     D:9: 2193 daAuts
     D:5: 2156 daAuts
     D:7: 1782 daAuts
     D:4: 1350 daAuts
     D:6: 1275 daAuts
     D:1: 1119 daAuts
   Sewer: 818 daAuts
     D:2: 668 daAuts
     D:3: 447 daAuts
